 Dungeon Crawl Stone Soup version 0.28.0-43-g3370ac3207 (webtiles) character file.

Game seed: 14820640146827575800

308 jimonade the Insei (level 6, -1/63 (79) HPs)
             Began as a Gnoll Wanderer on Mar 13, 2022.
             Slain by Edmund
             ... wielding a +2 flail of draining
              (7 damage)
             ... on level 4 of the Dungeon.
             The game lasted 00:19:10 (5014 turns).

jimonade the Insei (Gnoll Wanderer)                 Turns: 5014, Time: 00:19:11

HP:   -1/63 (79)    AC: 12    Str: 11    XL:     6   Next: 40%
MP:   8/11          EV: 11    Int: 14    God:
Gold: 185           SH:  0    Dex: 11    Spells: 8/11 levels left

rFire   . . .      SeeInvis .   A - +2 scythe (protect)
rCold   . . .      Faith    .   (shield currently unavailable)
rNeg    . . .      Spirit   .   C - +0 leather armour
rPois   .          Reflect  .   (no helmet)
rElec   .          Harm     .   (no cloak)
rCorr   .          Rampage  .   s - +1 pair of gloves
Will    .....                   (no boots)
Stlth   ..........              (no amulet)
HPRegen 0.20/turn               (no ring)
MPRegen 0.12/turn               (no ring)

@: berserking (expiring), under a protective aura, heavily drained, very quick
A: fangs 1, strong nose, distributed training
a: no special abilities


You were on level 4 of the Dungeon.
You visited 1 branch of the dungeon, and saw 4 of its levels.

You collected 185 gold pieces.

Inventory:

Hand Weapons
 a - a +0 dagger
 i - a +0 short sword
 r - a +0 spear
 A - a +2 scythe of protection (weapon)
Missiles
 f - 127 stones
 l - 64 arrows
 u - 36 bolts
 x - 25 sling bullets
Armour
 d - a +0 robe
 k - a +0 buckler
 s - a +1 pair of gloves (worn)
 w - a +0 buckler
 C - a +0 leather armour (worn)
 D - a +0 scale mail
 G - a +0 chain mail
Scrolls
 b - a scroll of fear
 c - a scroll of fog
 g - 2 scrolls of teleportation {unknown}
 h - a scroll of magic mapping {unknown}
 j - a scroll of silence {unknown}
 m - a scroll of identify {unknown}
 n - a scroll of vulnerability {unknown}
 o - 3 scrolls of blinking {unknown}
 q - a scroll of holy word {unknown}
 y - a scroll of amnesia {unknown}
 B - a scroll of immolation {unknown}
 E - a scroll of enchant weapon {unknown}
Potions
 e - a potion of berserk rage
 p - a potion of attraction {unknown}
 t - 3 potions of curing
 v - 3 potions of resistance {unknown}
 z - a potion of magic {unknown}
 F - a potion of flight {unknown}


   Skills:
 + Level 6.8 Fighting
 + Level 2.0 Short Blades
 + Level 2.0 Long Blades
 + Level 2.0 Axes
 + Level 2.0 Maces & Flails
 + Level 2.0 Polearms
 + Level 2.0 Staves
 + Level 2.0 Slings
 + Level 2.0 Bows
 + Level 2.0 Crossbows
 + Level 3.2 Throwing
 + Level 2.0 Armour
 + Level 2.0 Dodging
 + Level 2.0 Stealth
 + Level 2.0 Shields
 + Level 6.8 Unarmed Combat
 + Level 3.4 Spellcasting
 + Level 1.5 Conjurations
 + Level 1.5 Hexes
 + Level 1.5 Summonings
 + Level 1.5 Necromancy
 + Level 1.5 Translocations
 + Level 4.1 Transmutations
 + Level 1.5 Fire Magic
 + Level 1.5 Ice Magic
 + Level 1.5 Air Magic
 + Level 1.5 Earth Magic
 + Level 1.5 Poison Magic
 + Level 2.1 Invocations
 + Level 2.0 Evocations


You had 8 spell levels left.
You knew the following spells:

 Your Spells              Type           Power      Damage    Failure   Level
a - Sting                 Tmut/Pois      40%        1d5       9%          1
b - Blink                 Tloc           12%        N/A       22%         2

Your spell library contained the following spells:

 Spells                   Type           Power      Damage    Failure   Level
 Spider Form              Tmut/Pois      10%        N/A       26%         3
 Ignite Poison            Fire/Tmut/Pois 9%         N/A       30%         3
 Lesser Beckoning         Tloc           6%         N/A       41%         3
 Mephitic Cloud           Conj/Pois/Air  6%         N/A       41%         3
 Olgreb's Toxic Radiance  Pois           6%         N/A       82%         4
 Freezing Cloud           Conj/Ice/Air   3%         6-21      99%         5
 Manifold Assault         Tloc           6%         N/A       99%         5
 Ozocubu's Refrigeration  Ice            3%         4d5       100%        7
 Ignition                 Fire           3%         3d4       100%        8


Dungeon Overview and Level Annotations

Branches:
Dungeon (4/15)
 Temple: D:4-7

Altars:

Annotations:
D:3 3 runed translucent doors, Jingleheimer's ghost, amateur DsFi
D:4 Edmund


Innate Abilities, Weirdness & Mutations

You have very sharp teeth.
Your uncanny sense of smell can sniff out nearby items.
Your experience applies equally to all skills.


Message History

You feel yourself moving faster!
You feel mighty! Edmund closely misses you.
You closely miss Edmund.
Edmund is lightly wounded.
Edmund hits you with a +2 flail of draining.
* * * LOW HITPOINT WARNING * * *
You feel drained.
* * * LOW HITPOINT WARNING * * *
You slash Edmund!
Your weapon exudes an aura of protection.
Edmund is moderately wounded.
Edmund hits you with a +2 flail of draining.
* * * LOW HITPOINT WARNING * * *
You feel drained.
* * * LOW HITPOINT WARNING * * *
Edmund barely misses you.
You closely miss Edmund.
Edmund is moderately wounded.
Edmund completely misses you.
You slash Edmund!
Edmund is severely wounded.
Edmund hits you but does no damage.
You feel drained.
You barely miss Edmund. Your bite misses Edmund.
Edmund is severely wounded.
Edmund drinks a potion.
Edmund is healed!
Edmund misses you.
Your magical contamination has completely faded away.
You hit Edmund.
Edmund is lightly wounded.
Edmund hits you with a +2 flail of draining.
* * * LOW HITPOINT WARNING * * *
You feel drained.
You barely miss Edmund. Your bite misses Edmund.
Edmund is lightly wounded.
Edmund hits you with a +2 flail of draining.
* * * LOW HITPOINT WARNING * * *
You feel drained.
* * * LOW HITPOINT WARNING * * *
You barely miss Edmund.
Edmund is moderately wounded.
Edmund hits you with a +2 flail of draining!
You die...

#........#
#####........#
....#...>....# #######
....#........# #.....#
....#........# #.....#
....########.#####.....#
....##.......[.........#
######......#..........#
.....'......#...@......#
.....#......#....@.....#
.....#......#.....######
....##......#.....#
....##......#.....#
....'.......#.....#
....#.......#.....#
....#.......#.....#
....#.......#.....#


You could see Edmund (poisoned).

Vanquished Creatures
  Sigmund (D:4)
  A hound (D:4)
  An orc priest (D:4)
  2 adders
  An adder skeleton (D:4)
  3 dart slugs
  4 orcs (D:4)
  8 ball pythons
  7 endoplasms
  4 giant cockroaches
  4 goblins
  2 hobgoblins
  A quokka (D:3)
  7 bats
  4 frilled lizards
  5 kobolds
  6 rats
61 creatures vanquished.

Notes
Turn   | Place    | Note
-------+----------+-------------------------------------------
     0 | D:1      | jimonade the Gnoll Wanderer began the quest for the Orb.
     0 | D:1      | jimonade set off with the following items: a +0 dagger, a
                  | scroll of fear, a scroll of fog, a +0 robe, a potion of
                  | berserk rage; and the following spell memorised: Sting; and
                  | the following spells available to memorise: Spider Form
     0 | D:1      | Reached XP level 1. HP: 23/23 MP: 4/4
   160 | D:1      | Reached XP level 2. HP: 27/29 MP: 2/5
   583 | D:1      | Found a faded altar of an unknown god.
   682 | D:1      | Reached XP level 3. HP: 27/35 MP: 4/7
  1415 | D:2      | Reached skill level 1 in Invocations
  1644 | D:2      | Noticed an ogre
  1812 | D:2      | Reached skill level 1 in Short Blades
  1812 | D:2      | Reached skill level 1 in Long Blades
  1812 | D:2      | Reached skill level 1 in Axes
  1812 | D:2      | Reached skill level 1 in Maces & Flails
  1812 | D:2      | Reached skill level 1 in Polearms
  1812 | D:2      | Reached skill level 1 in Staves
  1812 | D:2      | Reached skill level 1 in Slings
  1812 | D:2      | Reached skill level 1 in Bows
  1812 | D:2      | Reached skill level 1 in Crossbows
  1812 | D:2      | Reached skill level 1 in Armour
  1812 | D:2      | Reached skill level 1 in Dodging
  1812 | D:2      | Reached skill level 1 in Stealth
  1812 | D:2      | Reached skill level 1 in Shields
  1812 | D:2      | Reached skill level 1 in Evocations
  1927 | D:2      | Reached XP level 4. HP: 41/41 MP: 6/8
  2098 | D:3      | Found a runed translucent gate.
  2099 | D:3      | Found a runed translucent gate.
  2099 | D:3      | Found a runed translucent gate.
  2104 | D:3      | Noticed Jingleheimer's ghost (amateur DsFi)
  2319 | D:3      | Learned a level 2 spell: Blink
  2906 | D:4      | Reached skill level 1 in Conjurations
  2906 | D:4      | Reached skill level 1 in Hexes
  2906 | D:4      | Reached skill level 1 in Summonings
  2906 | D:4      | Reached skill level 1 in Necromancy
  2906 | D:4      | Reached skill level 1 in Translocations
  2906 | D:4      | Reached skill level 1 in Fire Magic
  2906 | D:4      | Reached skill level 1 in Ice Magic
  2906 | D:4      | Reached skill level 1 in Air Magic
  2906 | D:4      | Reached skill level 1 in Earth Magic
  2906 | D:4      | Reached skill level 1 in Poison Magic
  3227 | D:4      | Noticed Sigmund
  3325 | D:4      | Noticed Edmund
  3325 | D:4      | Noticed a phantom
  4179 | D:4      | Killed Sigmund
  4180 | D:4      | Reached XP level 5. HP: 47/47 MP: 4/10
  4180 | D:4      | Reached XP level 6. HP: 53/53 MP: 4/11
  5014 | D:4      | Slain by Edmund

Illustrated notes

Levels and vault maps discovered:
D:1:      psy_arrival_fountain, layout_loops_ring,
          nicolae_ecumenical_snake_handling, dk_noncrumbling_4
D:2:      layout_loops_ring, lightli_corner_chamber
D:3:      layout_loops_cross, gammafunk_ghost_necromancy, hex_tiny
D:4:      minmay_clustersquares, layout_gridville, uniq_sigmund, uniq_edmund

Skill      XL: |  1  2  3  4  5  6 |
---------------+-------------------+-----
Invocations    | 1 2 |  2.1
Short Blades   | 1 2 |  2.0
Long Blades    | 1 2 |  2.0
Axes           | 1 2 |  2.0
Maces & Flails | 1 2 |  2.0
Polearms       | 1 2 |  2.0
Staves         | 1 2 |  2.0
Slings         | 1 2 |  2.0
Bows           | 1 2 |  2.0
Crossbows      | 1 2 |  2.0
Armour         | 1 2 |  2.0
Dodging        | 1 2 |  2.0
Stealth        | 1 2 |  2.0
Shields        | 1 2 |  2.0
Evocations     | 1 2 |  2.0
Spellcasting   | 3 |  3.4
Conjurations   | 1 |  1.5
Hexes          | 1 |  1.5
Summonings     | 1 |  1.5
Necromancy     | 1 |  1.5
Translocations | 1 |  1.5
Fire Magic     | 1 |  1.5
Ice Magic      | 1 |  1.5
Air Magic      | 1 |  1.5
Earth Magic    | 1 |  1.5
Poison Magic   | 1 |  1.5
Throwing       | 3 |  3.2
Transmutations | 4 |  4.1
Fighting       | |  6.8
Unarmed Combat | |  6.8

Action                   |  1- 3 |  4- 6 || total
-------------------------+-------+-------++-------
Melee: Dagger            |    24 |       ||    24
       Bite              |     3 |     4 ||     7
       Punch             |     2 |     1 ||     3
       Short sword       |    25 |       ||    25
       Spear             |     7 |    38 ||    45
       Scythe            |       |    32 ||    32
 Cast: Sting             |    59 |    32 ||    91
       Blink             |       |     1 ||     1
  Use: Potion            |       |     1 ||     1
Armor: Robe              |    19 |     9 ||    28
       Leather armour    |       |    15 ||    15
Dodge: Dodged            |    51 |    61 ||   112
Block: Buckler           |       |     3 ||     3
